 Seeded DCSS version 0.30.1-9-gdf580d7c3d (webtiles) character file.

Game seed: 910 (custom seed)

23 lonewolfV2 the Caller (level 2, -1/20 HPs)
             Began as a Demigod Summoner on Sept 27, 2023.
             Slain by an adder (4 damage)
             ... on level 2 of the Dungeon.
             The game lasted 00:01:22 (780 turns).

lonewolfV2 the Caller (Demigod Summoner)             Turns: 780, Time: 00:01:23

Health: -1/20      AC:  2    Str:  9    XL:     2   Next: 54%
Magic:  0/7        EV: 12    Int: 17    God:
Gold:   32         SH:  0    Dex: 14    Spells: 4/5 levels left

rFire   . . .        (no weapon)
rCold   . . .        (no shield)
rNeg    . . .        a - +0 robe
rPois   .            (no helmet)
rElec   .            (no cloak)
rCorr   .            (no gloves)
SInv    .            (no boots)
Will    .....        (no amulet)
Stlth   ++           (no ring)
HPRegen 0.23/turn    (no ring)
MPRegen 0.10/turn

%: no passive effects
@: no status effects
A: high MP 1, forlorn, divine attributes
a: no special abilities


You were on level 2 of the Dungeon.
You visited 1 branch of the dungeon, and saw 2 of its levels.

You collected 32 gold pieces.

Inventory:

Armour
 a - a +0 robe (worn)
Potions
 b - 2 potions of magic
 c - a potion of resistance {unknown}
 d - a potion of ambrosia {unknown}
 f - 2 potions of curing


   Skills:
 + Level 1.8 Dodging
 + Level 1.9 Stealth
 + Level 2.1 Spellcasting
 + Level 4.1 Summonings


You had 4 spell levels left.
You knew the following spells:

 Your Spells              Type           Power      Damage    Failure   Level
a - Summon Small Mammal   Summ           60%        N/A       3%          1

Your spell library contained the following spells:

 Spells                   Type           Power      Damage    Failure   Level
 Call Imp                 Summ           30%        N/A       5%          2
 Call Canine Familiar     Summ           15%        N/A       11%         3
 Summon Guardian Golem    Hex/Summ       8%         N/A       24%         3
 Summon Lightning Spire   Summ/Air       8%         N/A       63%         4


Dungeon Overview and Level Annotations

Branches:
Dungeon (2/15)


Innate Abilities, Weirdness & Mutations

You have an increased reservoir of magic. (+10% MP)
You shall have no god before yourself.
Your divine heritage dramatically boosts your attributes as you level up.


Message History

Your bat hits the adder but does no damage.
Your quokka dies!
Your quokka's corpse disappears in a puff of smoke!
Your bat hits the adder but does no damage.
The adder bites your bat.
Your bat dies!
Your bat's corpse disappears in a puff of smoke!
Casting: Summon Small Mammal (safe; 3% risk of failure)
Confirm with . or Enter, or press ? or * to list all spells.
You don't have enough magic to cast this spell.
Casting: Summon Small Mammal (safe; 3% risk of failure)
Confirm with . or Enter, or press ? or * to list all spells.
The adder bites you but does no damage. The adder bites you.
You are poisoned.
The adder poisons you! The adder bites you but does no damage.
Your rat bites the adder.
You feel sick. The adder bites you but does no damage.
Your rat completely misses the adder.
You barely miss the adder.
The adder is almost dead.
You feel sick.
The adder hisses angrily.
The adder bites you.
* * * LOW HITPOINT WARNING * * *
Your rat barely misses the adder.
You barely miss the adder.
The adder is almost dead.
You feel sick. The adder closely misses you. The adder bites you.
* * * LOW HITPOINT WARNING * * *
Your rat barely misses the adder.
You hit the adder.
You kill the adder!
You feel sick.
You feel sick.
You are no longer poisoned.
Your rat bites the adder.
The adder misses you.
Your rat barely misses the adder.
The adder bites you.
You die...

##.##.##.!#r#
#........# S
####.##......
#...######## #.#.#
.... #.S.# #.#.#
##.##### !...
#.#...# ##...##
#..@..# ##.....##
###.S.# ##.......##
#>r.# #...[.....#
#.......+..<.r..?.+
##...####.....S...#
##.## ##.......##
#.# ##.....## #.#
##...## .. #+##


You could see an adder (ally target) and a friendly rat (summoned).

Vanquished Creatures
  An adder (D:2)
1 creature vanquished.

Vanquished Creatures (collateral kills)
  3 endoplasms
  2 giant cockroaches (D:1)
  3 hobgoblins (D:1)
  A quokka (D:1)
  A frilled lizard (D:1)
  A rat (D:1)
11 creatures vanquished.

Grand Total: 12 creatures vanquished

Notes
Turn   | Place    | Note
-------+----------+-------------------------------------------
     0 | D:1      | lonewolfV2 the Demigod Summoner began the quest for the
                  | Orb.
     0 | D:1      | Reached XP level 1. HP: 14/14 MP: 5/5
   371 | D:1      | Reached skill level 4 in Summonings
   371 | D:1      | Reached XP level 2. HP: 20/20 MP: 4/7
   780 | D:2      | Slain by an adder

Illustrated notes

Levels and vault maps discovered:
D:1:      reono_arrival_mine, layout_basic
D:2:      layout_loops_corners, hellmonk_ecumenical_altar_watching_god,
          serial_shops, shop, minmay_lizard_pond, uniq_sigmund

Skill      XL: |  1  2 |
---------------+-------+-----
Summonings     | 4 |  4.1
Spellcasting   | 2 |  2.1
Dodging        | |  1.8
Stealth        | |  1.9

Action                     || total
---------------------------++-------
  Melee: Unarmed           ||     3
   Cast: Summon Small Mamm ||    27
    Use: Scroll            ||     2
 Armour: Robe              ||     8
  Dodge: Dodged            ||    16
